 Dungeon Crawl Stone Soup version 0.27-a0-1456-gf5a116941d (webtiles) character file.

Game seed: 11254585477950157315

142 avis the Ruffian (level 4, -5/35 HPs)
             Began as a Demigod Transmuter on July 5, 2021.
             Slain by an iguana (13 damage)
             ... on level 3 of the Dungeon.
             The game lasted 00:19:43 (4421 turns).

avis the Ruffian (Demigod Transmuter)               Turns: 4421, Time: 00:19:44

Health: -5/35      AC:  2    Str: 15    XL:     4   Next: 75%
Magic:  4/9        EV: 19    Int: 15    God:
Gold:   107        SH:  0    Dex: 19    Spells: 2/6 levels left

rFire    . . .     SeeInvis .     - Unarmed
rCold    . . .     Faith    .   (shield currently unavailable)
rNeg     . . .     Spirit   .   (armour currently unavailable)
rPois    x         Reflect  .   (helmet currently unavailable)
rElec    .         Harm     .   (cloak currently unavailable)
rCorr    .         Rampage  .   (gloves currently unavailable)
Will     .....                  (boots currently unavailable)
Stlth    ++........             (no amulet)
HPRegen  0.11/turn              (no ring)
MPRegen  0.11/turn              (no ring)

@: spider-form (expiring)
A: venomous fangs, tiny, high mp 1, forlorn
a: End Transformation


You were on level 3 of the Dungeon.
You were a venomous arachnid creature.
You visited 1 branch of the dungeon, and saw 4 of its levels.

You collected 107 gold pieces.

Inventory:

Hand Weapons
 a - a +2 dagger of speed (melded)
 b - a +0 hunting sling
Missiles
 m - 38 arrows
 n - 34 stones
 w - 17 sling bullets
Armour
 f - a +0 leather armour (melded)
 g - a +0 helmet (melded)
 j - a +0 cloak (melded)
 k - a +0 robe
 q - a +0 pair of gloves (melded)
Magical Staves
 e - a staff of conjuration
Jewellery
 p - a +6 ring of dexterity
 v - a +6 ring of strength
Scrolls
 h - a scroll of teleportation {unknown}
 i - 2 scrolls of fear {unknown}
 l - a scroll of amnesia {unknown}
 o - 2 scrolls of identify {unknown}
 r - a scroll of noise {unknown}
 s - a scroll of enchant weapon {unknown}
 t - a scroll of silence {unknown}
Potions
 c - a potion of mutation {unknown}
 d - a potion of attraction {unknown}
 u - a potion of cancellation {unknown}


   Skills:
 * Level 1.0 Fighting
 - Level 1.7 Dodging
 - Level 4.0 Unarmed Combat
 - Level 1.7 Spellcasting
 - Level 3.0 Transmutations
 - Level 2.0 Poison Magic


You had 2 spell levels left.
You knew the following spells:

 Your Spells              Type           Power      Damage    Failure   Level
a - Beastly Appendage     Tmut           20%        N/A       19%         1
p - Spider Form           Tmut/Pois      4%         N/A       45%         3

Your spell library contained the following spells:

 Spells                   Type           Power      Damage    Failure   Level
 Sting                    Tmut/Pois      32%        1d4       22%         1
 Wereblood                Tmut           10%        N/A       24%         2
 Poisonous Vapours        Pois/Air       8%         N/A       43%         2
 Olgreb's Toxic Radiance  Pois           7%         N/A       86%         4
 Ice Form                 Ice/Tmut       5%         N/A       90%         4


Dungeon Overview and Level Annotations

Branches:
Dungeon (4/15)
 Temple: D:4-7


Innate Abilities, Weirdness & Mutations

You are a venomous arachnid creature.
You have poisonous fangs.
You are tiny and dextrous.
Your spellcasting is less reliable in this form.
Your armour is entirely melded.
You are incapable of wielding weapons or throwing items.
Your attributes grow dramatically as you level up.
You have an increased reservoir of magic. (+10% MP)
You shall have no god before yourself.


Message History

The orc hits you with a +0 short sword. The iguana misses you.
The orc hits you with a +0 whip. The goblin barely misses you.
You climb upwards.
There is a stone staircase leading down here.
The orc misses you. The goblin closely misses you.
The goblin barely misses you.
You hit the orc but do no damage. The orc closely misses you.
You bite the orc!
You kill the orc!
Your Fighting skill increases to level 1!
You hit the orc.
The orc is almost dead.
You barely miss the orc.
The orc is almost dead.
Your transformation has ended.
Your +2 dagger of speed unmelds from your body.
Your +0 cloak unmelds from your body.
Your +0 helmet unmelds from your body.
Your +0 pair of gloves unmelds from your body.
Your +0 leather armour unmelds from your body.
Your hands tingle!
The orc hits you but does no damage.
Casting: Spider Form (quite dangerous; 30% risk of failure)
Confirm with . or Enter, or press ? or * to list all spells.
The spell is quite dangerous to cast (30% risk of failure)!
Continue anyway?
You turn into a venomous arachnid creature.
Your +2 dagger of speed melds into your body.
Your +0 cloak melds into your body.
Your +0 helmet melds into your body.
Your +0 pair of gloves melds into your body.
Your +0 leather armour melds into your body.
The orc hits you with a +0 whip.
You hit the orc.
You kill the orc!
Your transformation is almost over.
You hit the iguana.
The iguana is poisoned.
The iguana is moderately wounded.
The iguana bites you!
* * * LOW HITPOINT WARNING * * *
You hit the iguana.
The iguana looks as sick as possible!
The iguana is heavily wounded.
The iguana bites you!
You die...

.##### #.# #.....# .....#
#.# #.##### ##
.###.########.#########.#
#.
......................#.#
#.
####.#.#.##.....#####.#.#
#. #.#.#.##....#......#.#
#†
####.#.#.##.#..#.###..#.#
#. .....#.#.....>gl.#
#....# #.
######.####.#..#s###..###
#. #......#..#......# #.
#########..######.# #.
#......##.........# ##
#.####.##.#########
##...##.##.# ##
#.###.#.##.# #. #.#
#......# #. ##
#.###.#.##.## #.


You could see an iguana (extremely poisoned) and a goblin.

Vanquished Creatures
  6 adders
  5 worms
  2 dart slugs
  4 orcs (D:3)
  5 endoplasms
  4 giant cockroaches
  3 goblins
  9 hobgoblins
  5 jackals
  A quokka (D:1)
  2 ball pythons (D:1)
  12 bats
  5 frilled lizards
  A kobold (D:3)
  3 rats
67 creatures vanquished.

Notes
Turn   | Place    | Note
-------+----------+-------------------------------------------
     0 | D:1      | avis the Demigod Transmuter began the quest for the Orb.
     0 | D:1      | Reached XP level 1. HP: 15/15 MP: 5/5
   168 | D:1      | Reached skill level 3 in Unarmed Combat
   629 | D:1      | Reached XP level 2. HP: 22/22 MP: 5/7
  1469 | D:2      | Reached XP level 3. HP: 20/27 MP: 8/8
  1568 | D:2      | Learned a level 3 spell: Spider Form
  1596 | D:2      | Reached skill level 4 in Unarmed Combat
  1795 | D:2      | Reached skill level 1 in Poison Magic
  2628 | D:2      | Reached XP level 4. HP: 24/34 MP: 6/9
  4416 | D:3      | Reached skill level 1 in Fighting
  4421 | D:3      | Slain by an iguana

Illustrated notes

Levels and vault maps discovered:
D:1:      dpeg_arrival_chambers_temple_mockup, layout_loops_ring,
          basic_ecumenical_altar, minmay_liquid_box, moated_statue,
          minmay_tripent
D:2:      layout_loops_ring
D:3:      layout_loops_corners, roderic_batcave
D:4:      minmay_spotlight, layout_rooms

Skill      XL: |  1  2  3  4 |
---------------+-------------+-----
Unarmed Combat | 3 4 |  4.0
Transmutations | 2 3 |  3.0
Poison Magic   | 1 2 |  2.0
Fighting       | 1 |  1.0
Dodging        | |  1.7
Spellcasting   | |  1.7

Action                   |  1- 3 |  4- 6 || total
-------------------------+-------+-------++-------
Melee: Unarmed           |    56 |    11 ||    67
       Kick              |    19 |    20 ||    39
       Headbutt          |     8 |    14 ||    22
       Dagger            |    47 |    76 ||   123
       Punch             |       |     3 ||     3
 Cast: Beastly Appendage |    23 |    16 ||    39
       Spider Form       |     5 |     2 ||     7
 Abil: End Transformatio |     1 |       ||     1
 Stab: Sleeping          |     3 |       ||     3
Armor: Leather armour    |    16 |    23 ||    39
Dodge: Dodged            |    46 |    61 ||   107

Table legend: (Time is in decaauts)
 A = Elapsed time spent in this place.
 B = Non-inter-level travel time spent in this place.
 C = Inter-level travel time spent in this place.
 D = Time resting spent in this place.
 E = Time spent auto-exploring this place.
 F = Levels seen in this place.
 G = Mean time per level.
                   A        B        C        D        E       F      G
               +--------+--------+--------+--------+--------+-----+--------+
         Total |   4380 |   4096 |    284 |   1626 |   1870 |   4 | 1095.0 |
       Dungeon |   4380 |   4096 |    284 |   1626 |   1870 |   4 | 1095.0 |
               +--------+--------+--------+--------+--------+-----+--------+

Top non-repeatable levels by time:
     D:2: 1750 daAuts
     D:1: 1482 daAuts
     D:3: 1128 daAuts
     D:4: 19 daAuts
